 Dungeon Crawl Stone Soup version 0.20-a0-1117-g62da73f (webtiles) character file.

18413 JeffiDaFish the Basher (level 12, -7/76 HPs)
             Began as a Gargoyle Fighter on May 9, 2017.
             Was the Champion of Okawaru.
             Mangled by a salamander
             ... wielding a +0 halberd
              (15 damage)
             ... in a volcano.
             The game lasted 00:42:35 (13487 turns).

JeffiDaFish the Basher (Gargoyle Fighter)          Turns: 13487, Time: 00:42:37

Health: -7/76      AC: 36    Str: 19    XL:     12   Next: 58%
Magic:  12/12      EV:  7    Int: 11    God:    Okawaru [******]
Gold:   352        SH: 15    Dex: 13    Spells: 11/11 levels left

rFire    . . .     SeeInvis .   d - +3 eveningstar (protect)
rCold    + . .     Gourm    .   c - +0 shield
rNeg     + . .     Faith    .   D - +0 plate armour
rPois    ∞         Spirit   .   m - +2 hat
rElec    +         Reflect  +   B - +0 cloak
rCorr    .         Harm     .   E - +0 pair of gloves {archery}
MR       +....                  e - +1 pair of boots
Stlth    ..........             r - +3 amulet of reflection
Regen    0.3/turn               x - ring of protection from cold
MPRegen  0.2/turn               C - ring of protection from magic

@: protection aura
A: negative energy resistance 1, electricity resistance, wild magic 2,
unbreathing, petrification resistance, rot immunity, AC +8
a: Heroism, Finesse, Renounce Religion


You were in a volcano.
You worshipped Okawaru.
Okawaru was exalted by your worship.
You were very hungry.

You visited 2 branches of the dungeon, and saw 12 of its levels.
You also visited: Ossuary and Volcano.

You collected 754 gold pieces.
You spent 402 gold pieces at shops.

Inventory:

Hand Weapons
 d - a +3 eveningstar of protection (weapon)
Missiles
 b - 4 javelins of returning (quivered)
Armour
 c - a +0 shield (worn)
 e - a +1 pair of boots (worn)
 m - a +2 hat (worn)
 B - a +0 cloak (worn)
 D - a +0 plate armour (worn)
 E - a +0 pair of gloves of archery (worn)
Jewellery
 r - a +3 amulet of reflection (around neck)
 x - a ring of protection from cold (left hand)
 C - a ring of protection from magic (right hand)
Wands
 H - a wand of clouds (6/9)
Scrolls
 h - a scroll of recharging
 i - 4 scrolls of remove curse
 l - a scroll of magic mapping
 p - a scroll of identify
 q - 4 scrolls of fog
 u - a scroll of amnesia
 y - 3 scrolls of blinking
 J - 3 scrolls of teleportation
Potions
 j - a potion of resistance
 k - a potion of brilliance
 o - a potion of ambrosia
 t - 3 potions of heal wounds
 v - 2 potions of flight
 w - 6 potions of curing
 G - a potion of might
Comestibles
 f - 10 bread rations
 g - 12 royal jellies
 n - 4 fruits
 s - 8 meat rations


   Skills:
 + Level 9.2 Fighting
 + Level 13.3 Maces & Flails
 + Level 1.5 Throwing
 + Level 7.6 Armour
 + Level 3.2 Dodging
 + Level 2.1 Stealth
 + Level 11.8 Shields


You had 11 spell levels left.
You didn't know any spells.

Dungeon Overview and Level Annotations

Branches:
Dungeon (11/15)            Temple (0/1) D:6            Lair (1/6) D:11
    Orc (0/2) D:10

Altars:
Cheibriados
Elyvilon
Gozag
Hepliaklqana
Nemelex Xobeh
Okawaru
Ru
Sif Muna
Uskayaw
Vehumet
Yredelemnul

Shops:
D:7 *   D:8 (   D:9 !


Innate Abilities, Weirdness & Mutations

You are resistant to torment.
Your stone body is resilient. (AC +8)
You are immune to poison.
You resist negative energy. (rN+)
You are resistant to electric shocks. (rElec)
You can survive without breathing.
You are immune to petrification.
You are immune to rotting.
Your spells are harder to cast, but more powerful.


Message History

Okawaru is honoured by your kill. Something appears at your feet!
Okawaru grants you a gift! You block the salamander's attack.
The salamander hits you from afar with a halberd.
You are engulfed in flames!
You block the salamander's attack.
The salamander hits you but does no damage.
Things that are here:
a dagger; a robe You barely miss the salamander.
You block the salamander's attack. The salamander hits you with a trident.
You are engulfed in flames!
* * * LOW HITPOINT WARNING * * *
You puncture the salamander!
The salamander is moderately wounded.
The salamander hits you but does no damage.
You block the salamander's attack.
The salamander hits you from afar with a halberd!
* * * LOW HITPOINT WARNING * * *
You are engulfed in flames!
You die... ≈≈≈≈≈ ≈§≈≈≈≈≈§§§§≈§§§§≈≈≈..≈≈ §≈≈≈ §§≈§..§.≈≈..≈≈§≈ ≈≈ .§........≈≈§≈§§ ############.§§§§§§≈ +.....+ #..≈≈≈≈≈≈ .8_8. #.≈≈≈≈§≈≈ NN.

#§§≈≈≈≈≈≈ #N###++###.≈≈≈≈≈≈≈
#@#......#..§§§≈≈≈
#(#.######.≈§≈§§≈≈ #.# #..§§§§§≈
#.# #.§≈§§§≈≈ #.# #..§§≈§≈§ #.#
#.§≈≈§§§≈ ######'########§§≈≈≈§≈≈
§§≈≈≈§§.§........§........≈≈≈≈§≈≈
≈≈≈§≈≈≈§≈.≈.≈≈.§§≈≈.≈.≈≈.≈≈§≈≈§§≈


You could see 3 salamanders.

Vanquished Creatures
  Harold (D:10)
  A hydra (D:11)
  2 centaur warriors (D:10)
  3 two-headed ogres
  A salamander mystic (Volcano)
  Pikel (D:8)
  A wolf spider (D:11)
  Joseph (D:10)
  Psyche (D:8)
  2 komodo dragons
  A troll (D:9)
  A hornet (D:11)
  A polar bear (D:8)
  A meliai zombie (D:11)
  2 hippogriffs
  8 yaks
  2 vampires
  A wyvern (D:11)
  2 fire bats (Volcano)
  A steam dragon (D:11)
  4 hungry ghosts
  Menkaure (D:4)
  A water moccasin (D:7)
  A swamp drake (D:10)
  2 porcupines (Lair:1)
  3 ice beasts
  3 sky beasts
  6 orc warriors
  An eye of draining (D:7)
  A phantom (D:5)
  A black bear (D:8)
  A slave (D:8)
  10 ogres
  A wolf (D:8)
  5 centaurs
  5 bullfrogs
  A gnoll sergeant (D:6)
  5 water moccasin zombies (Ossuary)
  2 scorpions
  8 wights
  2 electric eels (D:8)
  2 howler monkeys (D:9)
  7 lava snakes (Volcano)
  12 crimson imps
  5 jellies
  A quasit (D:5)
  9 hounds
  21 orc wizards
  9 orc priests
  2 bullfrog skeletons
  A gnoll shaman (D:5)
  6 centaur skeletons
  3 iguanas
  8 worker ants
  2 big kobold zombies (Ossuary)
  3 bullfrog simulacra (D:8)
  A centaur simulacrum (D:8)
  2 hound zombies (D:6)
  2 mummies (Ossuary)
  2 hound skeletons
  A killer bee simulacrum (D:8)
  2 worker ant zombies
  A howler monkey zombie (D:11)
  4 gnolls (D:6)
  11 adders
  A hound simulacrum (D:8)
  2 shadow imps (D:11)
  6 white imps (D:8)
  An ufetubus (D:8)
  7 adder zombies
  3 adder skeletons
  5 worms
  4 dart slugs
  9 leopard geckos
  71 orcs
  6 bats
  5 giant cockroaches
  4 gnoll zombies
  11 goblins
  6 hobgoblins
  5 jackals
  6 quokkas
  A ball python (D:1)
  A ball python skeleton (D:5)
  8 frilled lizards
  3 hobgoblin zombies (Ossuary)
  3 kobolds (D:1)
  4 kobold zombies (Ossuary)
  2 orc zombies (Ossuary)
  A quokka simulacrum (D:8)
  4 rats
394 creatures vanquished.

Vanquished Creatures (others)
  Maurice (D:8)
  2 slaves (D:8)
  A centaur (D:5)
  An orc priest (D:8)
  An orc wizard (D:10)
  A white imp (D:8)
  An ufetubus (D:8)
  4 orcs (D:10)
  2 jackals (D:8)
  12 plants (D:11)
26 creatures vanquished.

Grand Total: 420 creatures vanquished

Notes
Turn   | Place    | Note
-------+----------+-------------------------------------------
     0 | D:1      | JeffiDaFish the Gargoyle Fighter began the quest for the Orb.
     0 | D:1      | Reached XP level 1. HP: 14/14 MP: 1/1
    66 | D:1      | Reached XP level 2. HP: 19/19 MP: 2/2
   688 | D:1      | Reached XP level 3. HP: 23/23 MP: 3/3
   937 | D:2      | Gained mutation: Your spells are a little harder to cast, but a little more powerful. [potion of mutation]
   937 | D:2      | Gained mutation: Your spells are harder to cast, but more powerful. [potion of mutation]
   977 | D:2      | Found an iron altar of Okawaru.
  1002 | D:2      | Reached skill level 3 in Maces & Flails
  1041 | D:2      | Became a worshipper of Warmaster Okawaru
  1081 | D:2      | Reached XP level 4. HP: 24/28 MP: 4/4
  1158 | D:2      | Found a hide-covered altar of Uskayaw.
  1367 | D:2      | Found a hazy altar of Hepliaklqana.
  1551 | D:3      | Found a sacrificial altar of Ru.
  1927 | D:3      | Found an opulent altar of Gozag.
  1932 | D:3      | Reached XP level 5. HP: 33/33 MP: 5/5
  2093 | D:4      | Reached skill level 4 in Maces & Flails
  2131 | D:4      | Reached * piety under Okawaru
  2131 | D:4      | Reached XP level 6. HP: 32/38 MP: 6/6
  2167 | D:4      | Reached skill level 5 in Shields
  2196 | D:4      | Noticed Menkaure
  2210 | D:4      | Killed Menkaure
  2210 | D:4      | Reached skill level 5 in Maces & Flails
  2210 | D:4      | Reached skill level 1 in Dodging
  2210 | D:4      | Reached XP level 7. HP: 8/43 MP: 7/7
  2435 | D:4      | Found a sand-covered staircase.
  2442 | Ossuary  | Entered an ossuary
  2557 | Ossuary  | Reached ** piety under Okawaru
  2631 | Ossuary  | Reached skill level 6 in Maces & Flails
  2846 | D:4      | Reached XP level 8. HP: 44/48 MP: 8/8
  2998 | D:4      | Found a snail-covered altar of Cheibriados.
  3148 | D:5      | Entered Level 5 of the Dungeon
  3218 | D:5      | Reached *** piety under Okawaru
  3373 | D:5      | Reached skill level 7 in Maces & Flails
  3408 | D:5      | Reached skill level 5 in Fighting
  3698 | D:5      | Received a gift from Okawaru
  3798 | D:5      | Reached XP level 9. HP: 54/55 MP: 9/9
  3843 | D:5      | Reached skill level 8 in Maces & Flails
  3925 | D:5      | Noticed a two-headed ogre
  3936 | D:5      | Killed a two-headed ogre
  3936 | D:5      | Reached **** piety under Okawaru
  3936 | D:5      | Reached skill level 5 in Armour
  4311 | D:5      | Reached skill level 9 in Maces & Flails
  4438 | D:5      | Found a basalt altar of Yredelemnul.
  4611 | D:6      | Found a deep blue altar of Sif Muna.
  4653 | D:6      | Found a staircase to the Ecumenical Temple.
  4893 | D:6      | Reached skill level 1 in Throwing
  4952 | D:6      | Reached ***** piety under Okawaru
  4967 | D:6      | Found a deep blue altar of Sif Muna.
  5041 | D:6      | Reached XP level 10. HP: 61/61 MP: 10/10
  5287 | D:6      | Found a sparkling altar of Nemelex Xobeh.
  6009 | D:7      | Found Xiduyrgh's Assorted Antiques.
  6015 | D:7      | Bought a shimmering chain mail for 285 gold pieces
  6015 | D:7      | Identified the +0 chain mail of Gavoekin {rF+ Str+3} (You bought it in a shop on level 7 of the Dungeon)
  6656 | D:8      | Noticed Maurice
  6656 | D:8      | Noticed Psyche
  6667 | D:8      | Killed Maurice
  6670 | D:8      | Killed Psyche
  6670 | D:8      | Reached skill level 10 in Maces & Flails
  7029 | D:8      | Noticed a two-headed ogre
  7051 | D:8      | Killed a two-headed ogre
  7051 | D:8      | Received a gift from Okawaru
  7307 | D:8      | Found Eskyoqai's Weapon Shoppe.
  7704 | D:8      | Found a white marble altar of Elyvilon.
  7898 | D:8      | Noticed Pikel
  7947 | D:8      | Killed Pikel
  7955 | D:8      | Reached XP level 11. HP: 45/67 MP: 11/11
  8154 | D:8      | Reached skill level 10 in Shields
  8352 | D:9      | Reached skill level 11 in Maces & Flails
  8629 | D:9      | Found Soditobb's Distillery.
  8647 | D:9      | Bought a potion of heal wounds for 65 gold pieces
  8647 | D:9      | Bought a potion of might for 52 gold pieces
  8952 | D:9      | Found a radiant altar of Vehumet.
  9284 | D:10     | Entered Level 10 of the Dungeon
  9344 | D:10     | Noticed a centaur warrior
  9360 | D:10     | Killed a centaur warrior
  9639 | D:10     | Noticed Harold
  9708 | D:10     | Killed Harold
  9819 | D:10     | Found a staircase to the Orcish Mines.
 10073 | D:10     | Noticed a centaur warrior
 10104 | D:10     | Killed a centaur warrior
 10104 | D:10     | Reached skill level 12 in Maces & Flails
 10104 | D:10     | Reached skill level 1 in Stealth
 10264 | D:10     | Found a snail-covered altar of Cheibriados.
 10274 | D:10     | Noticed Joseph
 10292 | D:10     | Killed Joseph
 11028 | D:11     | Reached ****** piety under Okawaru
 11067 | D:11     | Reached XP level 12. HP: 35/75 MP: 12/12
 11575 | D:11     | Received a gift from Okawaru
 11756 | D:11     | Found a staircase to the Lair.
 12091 | D:11     | Noticed a four-headed hydra
 12099 | D:11     | Killed a four-headed hydra
 12195 | D:11     | Reached skill level 13 in Maces & Flails
 12497 | D:8      | Noticed a two-headed ogre
 12504 | D:8      | Killed a two-headed ogre
 12614 | Lair:1   | Entered Level 1 of the Lair of Beasts
 12664 | Lair:1   | Found a dark tunnel.
 12678 | Volcano  | Entered a volcano
 13473 | Volcano  | Found a burning altar of Makhleb.
 13484 | Volcano  | Received a gift from Okawaru
 13487 | Volcano  | Mangled by a salamander

Vault maps used:
D:1:      sevenhm_arrival_forest_fort_small_5
D:2:      kennysheep_okawaru_gauntlet, lemuel_round_altar, lemuel_crystal_altar,
          first_bread
D:3:      lemuel_crystal_altar, lemuel_round_altar
D:4:      kennysheep_mini, chequers_ossuary_entry_cave, uniq_menkaure
D:5:      kennysheep_windowed_halls, lemuel_zombie_altar_yredelemnul
D:6:      nemelex_altar_shiori, lemuel_crystal_altar, minmay_temple_entry_glass,
          basic_altar
D:7:      serial_shops, shop
D:8:      elyvilon_altar_1, serial_ice, serial_ice_o, serial_ice_c,
          serial_ice_d, serial_ice_f, serial_ice_i, serial_ice_m, serial_ice_h,
          serial_ice_g, serial_ice_b, serial_ice_e, serial_shops, shop,
          grunt_ogre_cave, uniq_pikel, uniq_maurice, uniq_psyche
D:9:      fiery_altar_vehumet, serial_shops, nicolae_shop_window_shopping
D:10:     erik_orc_1, basic_altar, minmay_misc_feat_iff, uniq_harold,
          uniq_joseph
D:11:     david_lair_shrubbed
Lair:1:   basic_altar, lightli_volcano_entry_magma_tube, ldierk_geyser,
          lemuel_fruit_fields, uniq_gastronok
Ossuary:  ossuary_tomb_2
Volcano:  volcano_lake

Skill      XL: |  1  2  3  4  5  6  7  8  9 10 11 12 |
---------------+-------------------------------------+-----
Maces & Flails | 3 4 5 6 7 9 10 12 13 | 13.3
Shields        | 4 5 6 8 9 11 | 11.8
Fighting       | 4 5 6 7 8 9 |  9.2
Armour         | 4 5 6 7 |  7.6
Dodging        | 1 2 3 |  3.2
Throwing       | 1 |  1.5
Stealth        | 1 2 |  2.1

Action                   |  1- 3 |  4- 6 |  7- 9 | 10-12 || total
-------------------------+-------+-------+-------+-------++-------
Melee: Flail             |   121 |   165 |   550 |  1126 ||  1962
       Spear             |    10 |       |       |       ||    10
       Eveningstar       |       |       |       |   185 ||   185
Throw: Javelin           |       |       |    10 |     4 ||    14
Evoke: Wand              |       |       |       |     2 ||     2
  Use: Potion            |     7 |     5 |     4 |     4 ||    20
       Scroll            |     3 |     6 |     7 |    14 ||    30
 Stab: Confused          |       |       |       |     4 ||     4
  Eat: Chunk             |     1 |     3 |     9 |    37 ||    50
       Royal jelly       |       |       |     1 |       ||     1
       Fruit             |       |       |       |     2 ||     2
Armor: Scale mail        |    66 |    85 |   109 |       ||   260
       Chain mail        |       |       |   153 |    42 ||   195
       Plate armour      |       |       |       |   594 ||   594
Dodge: Dodged            |    43 |    45 |   148 |   197 ||   433
       Deflected         |       |       |       |     2 ||     2
Block: Shield            |    65 |   107 |   314 |   818 ||  1304
       Reflection        |       |     2 |     7 |    12 ||    21
